 Dungeon Sprint DCSS version 0.21.1-1-g345015f (webtiles) character file.

3244 wilfster70 the Fighter (level 9, -4/81 HPs)
             Began as a Demonspawn Berserker on June 21, 2018.
             Was an Elder of Trog.
             Splashed by an oklob plant's acid (14 damage)
             ... in the Dungeon (Sprint I: "Red Sonja").
             The game lasted 00:04:20 (1374 turns).

wilfster70 the Fighter (Demonspawn Berserker)       Turns: 1374, Time: 00:04:20

Health: -4/81      AC:  6    Str: 19    XL:     9   Next: 67%
Magic:  9/9        EV: 18    Int:  8    God:    Trog [****..]
Gold:   659        SH:  0    Dex: 15    Spells: 8/8 levels left

rFire    . . .     SeeInvis .   a - +0 falchion
rCold    . . .     Gourm    .   (no shield)
rNeg     . . .     Faith    .   k - +0 ring mail
rPois    .         Spirit   .   (no helmet)
rElec    .         Reflect  .   (no cloak)
rCorr    .         Harm     .   (no gloves)
MR       .....     NoTele   +   j - +0 pair of boots
Stlth    +.........             (no amulet)
HPRegen  0.23/turn              (no ring)
MPRegen  0.11/turn              (no ring)

@: lethally poisoned (-4 -> -6), corroded
A: claws 2, yellow scales 1, foul stench 1, spiny 1, rot immunity
a: Berserk, Trog's Hand, Brothers in Arms, Burn Spellbooks, Renounce Religion


You were in the Dungeon.
You worshipped Trog.
Trog was greatly pleased with you.
You were near starving.

You visited 1 branch You collected 659 gold pieces.

Inventory:

Hand Weapons
 a - a +0 falchion (weapon)
 b - a +8 club
Missiles
 l - 4 curare-tipped needles
Armour
 j - a +0 pair of boots (worn)
 k - a +0 ring mail (worn)
Scrolls
 c - a scroll of magic mapping {unknown}
 i - 2 scrolls of blinking
Potions
 d - 2 potions of curing
 e - a potion of brilliance {unknown}
 f - a potion of haste
 g - 2 potions of magic
 h - a potion of berserk rage


   Skills:
 + Level 11.6 Fighting
 + Level 10.7 Long Blades
 + Level 10.5 Armour
 + Level 10.6 Dodging


You had 8 spell levels left.
You didn't know any spells.

Dungeon Overview and Level Annotations

Branches:
Dungeon (1/1)

Altars:
Cheibriados
Dithmenos
Elyvilon
Fedhas
Gozag
Hepliaklqana
Kikubaaqudgha
Makhleb
Nemelex Xobeh
Okawaru
Qazlal
Ru
Sif Muna
Trog
Uskayaw
Vehumet
Wu Jian
Xom
Yredelemnul
Zin
The Shining One
Jiyva
Lugonu

Shops:
D (![

Annotations:
D exclusion: oklob plant


Innate Abilities, Weirdness & Mutations

You have very sharp fingernails.
You are partially covered in yellow scales. (AC +2)
You may emit foul miasma when damaged in melee.
You are partially covered in sharp spines.
You are immune to rotting.


Message History

You hit the oklob plant.
The oklob plant is lightly damaged.
You're too hungry.
You slash the oklob plant!
The oklob plant is lightly damaged.
You feel sick.
You hit the oklob plant but do no damage.
The oklob plant is lightly damaged.
You hit the oklob plant.
The oklob plant is lightly damaged.
You feel sick.
You hit the oklob plant but do no damage.
The oklob plant is lightly damaged.
You hit the oklob plant but do no damage.
The oklob plant is lightly damaged.
The oklob plant spits acid at you. The splash of acid hits you!
* * * LOW HITPOINT WARNING * * *
You are splashed with acid!
The acid burns!
You die...

############
..#..'..#__#
..').#..'^.+
#'#####'#__####
..#...#.####§§####
###..##.#≈≈§§§#§§#
__##'#_)'§≈≈§§§§§#
...'..._#≈≈§§§#§§#
__##_.#'##'#####@#
__###+#(#(§..###P+
#####.####'###.###
...'...'.)..('.∩#
####...##########
##.## #+#


You could see an oklob plant.

Vanquished Creatures
  2 centaur warriors (D)
  Sonja (D)
  A deep troll (D)
  A slime creature (D)
  A hornet (D)
  Sigmund (D)
  A yak (D)
  An ogre (D)
  A jelly (D)
  Ijyb (D)
11 creatures vanquished.

Notes
Turn   | Place    | Note
-------+----------+-------------------------------------------
     0 | D        | wilfster70 the Demonspawn Berserker began the quest for the Orb.
     0 | D        | Reached XP level 1. HP: 18/18 MP: 1/1
     1 | D        | Noticed Ijyb
    10 | D        | Killed Ijyb
    10 | D        | Reached skill level 4 in Fighting
    10 | D        | Gained mutation: You have sharp fingernails. [demonic ancestry]
    10 | D        | Reached XP level 2. HP: 25/25 MP: 2/2
    69 | D        | Noticed an ogre
    75 | D        | Killed an ogre
    75 | D        | Reached skill level 5 in Fighting
    75 | D        | Reached XP level 3. HP: 33/33 MP: 3/3
    75 | D        | Gained mutation: You are partially covered in yellow scales. (AC +2) [demonic ancestry]
    75 | D        | Reached XP level 4. HP: 39/39 MP: 4/4
   153 | D        | Noticed Sigmund
   161 | D        | Killed Sigmund
   161 | D        | Reached ** piety under Trog
   161 | D        | Reached skill level 6 in Fighting
   161 | D        | Reached skill level 5 in Armour
   161 | D        | Reached skill level 5 in Dodging
   161 | D        | Reached XP level 5. HP: 47/47 MP: 5/5
   161 | D        | Gained mutation: You are immune to rotting. [demonic ancestry]
   161 | D        | Reached XP level 6. HP: 53/53 MP: 6/6
   206 | D        | Found a burning altar of Makhleb.
   206 | D        | Found a viscous altar of Jiyva.
   206 | D        | Found a shimmering altar of Xom.
   206 | D        | Found a corrupted altar of Lugonu.
   206 | D        | Noticed a slime creature
   207 | D        | Found an ornate altar of the Wu Jian Council.
   207 | D        | Found a deep blue altar of Sif Muna.
   209 | D        | Found a radiant altar of Vehumet.
   223 | D        | Killed a slime creature
   223 | D        | Reached skill level 7 in Fighting
   224 | D        | Reached skill level 8 in Fighting
   240 | D        | Found Guodghibe's Distillery.
   240 | D        | Found an ancient bone altar of Kikubaaqudgha.
   240 | D        | Found a hazy altar of Hepliaklqana.
   240 | D        | Found a stormy altar of Qazlal.
   240 | D        | Found a hide-covered altar of Uskayaw.
   240 | D        | Found a blossoming altar of Fedhas.
   240 | D        | Found a bloodstained altar of Trog.
   240 | D        | Found an iron altar of Okawaru.
   240 | D        | Found a basalt altar of Yredelemnul.
   240 | D        | Found a glowing golden altar of the Shining One.
   240 | D        | Found a snail-covered altar of Cheibriados.
   240 | D        | Found a sacrificial altar of Ru.
   240 | D        | Found a glowing silver altar of Zin.
   240 | D        | Found a shadowy altar of Dithmenos.
   240 | D        | Found a white marble altar of Elyvilon.
   240 | D        | Noticed a yak
   259 | D        | Killed a yak
   259 | D        | Reached *** piety under Trog
   259 | D        | Gained mutation: You are partially covered in sharp spines. [demonic ancestry]
   259 | D        | Reached XP level 7. HP: 16/63 MP: 7/7
   494 | D        | Found an opulent altar of Gozag.
   509 | D        | Found a sparkling altar of Nemelex Xobeh.
   526 | D        | Noticed a centaur warrior
   527 | D        | Noticed a centaur warrior
   544 | D        | Killed a centaur warrior
   544 | D        | Reached skill level 9 in Fighting
   544 | D        | Gained mutation: You have very sharp fingernails. [demonic ancestry]
   544 | D        | Reached XP level 8. HP: 17/72 MP: 8/8
   546 | D        | Killed a centaur warrior
   546 | D        | Reached skill level 10 in Fighting
   829 | D        | Noticed a deep troll
   843 | D        | Killed a deep troll
   843 | D        | Reached skill level 11 in Fighting
   843 | D        | Reached skill level 10 in Long Blades
   843 | D        | Reached skill level 10 in Armour
   843 | D        | Reached skill level 10 in Dodging
   843 | D        | Gained mutation: You may emit foul miasma when damaged in melee. [demonic ancestry]
   843 | D        | Reached XP level 9. HP: 36/81 MP: 9/9
   860 | D        | Found Gasoumy's Armour Emporium.
  1084 | D        | Noticed Sonja
  1096 | D        | Killed Sonja
  1096 | D        | Reached **** piety under Trog
  1308 | D        | Found Defiuluo's Weapon Boutique.
  1345 | D        | Paralysed by a hornet for 2 turns
  1365 | D        | Noticed an oklob plant
  1374 | D        | Splashed by an oklob plant's acid

Skill      XL: |  1  2  3  4  5  6  7  8 |
---------------+-------------------------+-----
Fighting       | 4 5 6 8 9 11 | 11.6
Long Blades    | 3 4 6 7 9 10 | 10.7
Armour         | 3 4 5 7 8 10 | 10.5
Dodging        | 3 4 5 7 8 10 | 10.6

Action                   |  1- 3 |  4- 6 |  7- 9 || total
-------------------------+-------+-------+-------++-------
Melee: Falchion          |    13 |    38 |    47 ||    98
Invok: Berserk           |     2 |     2 |     3 ||     7
       Trog's Hand       |       |       |     1 ||     1
  Use: Potion            |       |       |     1 ||     1
  Eat: Ration            |       |       |     2 ||     2
Armor: Animal skin       |     1 |       |       ||     1
       Ring mail         |       |     9 |    18 ||    27
Dodge: Dodged            |     3 |    19 |    49 ||    71
       Rpst.: Falchion   |     1 |     5 |     6 ||    12
